AoeStats
← 老鱼~

African Clearing

506643239Analyzed
4v4 RM · 18d ago on Sep 14, 2026· 39m 50s· 8 players
Game mode
Random Map
Map size
Large (8 player)
Population
200
Speed
Normal
Resources
Standard
Victory
Conquest
Starting age
Dark Age
Ending age
Imperial Age
RankedLock teamsTeams togetherTeam positionsShared explorationLock speedFull tech treeHidden civsTurbo modeCheats
Victory
Defeat
🇨🇳 Berbers · China
1173
+11
🇨🇳 Huns · China
1144
+12
🇨🇳 Japanese · China
1087
+14
🇳🇿 Khmer · New Zealand
1054
+15
🇬🇧 Teutons · United Kingdom
1100
-15
🇩🇪 Persians · Germany
1069
-14
🇨🇳 Huns · China
1035
-12
🇨🇳 Ethiopians · China
993
-11
fanta
15:08 Feudal Age
18:35 Castle Age
20:46 Bloodlines
29:13 Gold Mining
29:38 Scale Barding Armor
29:43 Forging
32:01 Chain Barding Armor
32:07 Double-Bit Axe
37:43 Wheelbarrow
36:56 Loom
39:35 Hand Cart
smshcsjt
14:50 Feudal Age
19:05 Castle Age
17:29 Double-Bit Axe
18:13 Fishing Lines
18:56 Loom
20:51 Wheelbarrow
24:14 Horse Collar
29:59 Pikeman
36:38 Imperial Age
35:08 Ballistics
34:41 Fletching
34:51 Padded Archer Armor
35:24 Bow Saw
35:12 Town Watch
35:38 Bodkin Arrow
35:45 Gold Mining
35:45 Stone Mining
36:16 Bloodlines
36:41 Thumb Ring
37:26 Leather Archer Armor
37:53 Heavy Cavalry Archer
40:13 Conscription
40:34 Parthian Tactics
吸尽瓶~~
5:42 Loom
14:21 Feudal Age
15:29 Double-Bit Axe
19:16 Castle Age
19:39 Gold Mining
26:26 Husbandry
28:21 Fletching
28:31 Padded Archer Armor
28:33 Horse Collar
29:56 Thumb Ring
31:06 Ballistics
31:34 Bodkin Arrow
31:39 Padded Archer Armor
32:55 Wheelbarrow
33:36 Leather Archer Armor
34:03 Bloodlines
34:15 Bow Saw
35:48 Gold Shaft Mining
41:31 Imperial Age
39:21 Hand Cart
炮炮崽
11:14 Feudal Age
11:19 Loom
12:50 Double-Bit Axe
15:39 Wheelbarrow
15:40 Horse Collar
18:33 Castle Age
20:12 Husbandry
20:23 Bloodlines
22:03 Fervor
23:54 Forging
28:33 Gold Mining
28:33 Stone Mining
32:11 Imperial Age
31:07 Town Watch
33:25 Conscription
32:29 Cavalier
33:46 Iron Casting
33:16 Scale Barding Armor
35:55 Chemistry
35:56 Chain Barding Armor
36:37 Blast Furnace
37:13 Ballistics
39:33 Blast Furnace
39:08 Plate Barding Armor
40:13 Plate Barding Armor
40:04 Guilds
Steffler
15:05 Feudal Age
13:23 Loom
15:09 Feudal Age
18:51 Castle Age
18:38 Double-Bit Axe
20:09 Bow Saw
21:38 Pikeman
22:36 Bow Saw
23:28 Scale Mail Armor
30:50 Horse Collar
老鱼~
16:37 Feudal Age
17:43 Double-Bit Axe
22:14 Castle Age
21:27 Stone Mining
22:36 Horse Collar
24:26 Bow Saw
24:55 Wheelbarrow
24:49 Gold Mining
27:12 Hand Cart
28:03 Forging
29:16 Scale Mail Armor
31:05 Town Watch
33:35 Iron Casting
33:15 Chain Mail Armor
33:16 Squires
33:51 Loom
39:43 Imperial Age
38:02 Elite Skirmisher
39:55 Fletching
40:05 Padded Archer Armor
40:11 Scale Barding Armor
Benjings
8:55 Loom
14:30 Feudal Age
15:04 Double-Bit Axe
17:53 Horse Collar
20:24 Castle Age
22:55 Bow Saw
23:35 Bloodlines
34:38 Imperial Age
32:45 Scale Mail Armor
34:20 Wheelbarrow
34:58 Fletching
35:24 Chain Mail Armor
35:55 Hand Cart
37:18 Bodkin Arrow
37:54 Plate Mail Armor
37:40 Heavy Plow
40:14 Ballistics
温州谷志豪
14:10 Feudal Age
15:07 Double-Bit Axe
19:45 Castle Age
19:03 Gold Mining
22:55 Fletching
25:10 Bow Saw
25:07 Stone Mining
26:07 Wheelbarrow
25:35 Bodkin Arrow
26:43 Gold Shaft Mining
25:51 Horse Collar
26:29 Padded Archer Armor
28:02 Loom
29:49 Town Watch
31:24 Hand Cart
33:08 Town Patrol
33:44 Ballistics
34:39 Leather Archer Armor
34:47 Husbandry
36:33 Thumb Ring
40:46 Imperial Age
Connection lost

Rejoining the realm…

Still unreachable

The connection could not be restored.

Session expired

The server has moved on; the page needs a fresh start.